 Dungeon Crawl Stone Soup version 0.21.1-1-g345015fe64 (webtiles) character file.

89 JarielCorvus the Skirmisher (level 4, -4/29 HPs)
             Began as a Gargoyle Fighter on July 14, 2018.
             Killed from afar by a white imp (10 damage)
             ... with a puff of frost
             ... summoned by Natasha
             ... on level 2 of the Dungeon.
             The game lasted 00:03:37 (1080 turns).

JarielCorvus the Skirmisher (Gargoyle Fighter)      Turns: 1080, Time: 00:03:37

Health: -4/29      AC: 10    Str: 21    XL:     4   Next: 55%
Magic:  4/4        EV:  7    Int:  8    God:
Gold:   62         SH:  9    Dex:  9    Spells: 3/3 levels left

rFire    . . .     SeeInvis .   a - +0 war axe
rCold    . . .     Gourm    .   c - +0 shield
rNeg     + . .     Faith    .   b - +0 scale mail
rPois    ∞         Spirit   .   (no helmet)
rElec    +         Reflect  .   (no cloak)
rCorr    .         Harm     .   (no gloves)
MR       .....                  (no boots)
Stlth    ..........             (no amulet)
HPRegen  0.09/turn              (no ring)
MPRegen  0.09/turn              (no ring)

@: slowed, very slow
A: negative energy resistance 1, electricity resistance, unbreathing,
petrification resistance, rot immunity, AC +3
a: no special abilities


You were on level 2 of the Dungeon.
You were very hungry.

You visited 1 branch of the dungeon, and saw 2 of its levels.

You collected 62 gold pieces.

Inventory:

Hand Weapons
 a - a +0 war axe (weapon)
Armour
 b - a +0 scale mail (worn)
 c - a +0 shield (worn)
 h - a +0 plate armour
Scrolls
 g - a scroll of magic mapping {unknown}
 i - a scroll of remove curse
 k - a scroll of teleportation
 l - a scroll of blinking {unknown}
Potions
 d - a potion of might
 e - a potion of degeneration
 j - 4 potions of curing {unknown}
Comestibles
 f - 2 rations


   Skills:
 * Level 4.3 Fighting
 + Level 2.3 Axes
 * Level 4.2 Armour
 + Level 3.7 Shields


You had 3 spell levels left.
You didn't know any spells.

Dungeon Overview and Level Annotations

Branches:
Dungeon (2/15)

Altars:

Annotations:
D:2 Natasha


Innate Abilities, Weirdness & Mutations

You are resistant to torment.
Your stone body is resilient. (AC +3)
You are immune to poison.
You resist negative energy. (rN+)
You are resistant to electric shocks. (rElec)
You can survive without breathing.
You are immune to petrification.
You are immune to rotting.


Message History

You barely miss Natasha. Natasha claws you but does no damage.
Natasha casts a spell.
Natasha stares at you and mumbles some strange words.
The magic dart hits you!
You closely miss Natasha. You closely miss the white imp.
You are feeling very hungry.
Natasha hisses.
Natasha claws you. You block the white imp's attack. Natasha claws you.
The white imp gestures at you. The puff of frost hits you!
* * * LOW HITPOINT WARNING * * *
You hit Natasha.
Natasha is heavily wounded.
You closely miss the white imp.
Natasha casts a spell.
You block the white imp's attack. Natasha claws you.
* * * LOW HITPOINT WARNING * * *
The white imp gestures at you. The puff of frost hits you!
You die...

#.....# ########
###.....######......#
....................# #######
###........##.......# .......
#........###......# ....)..
###......# #......#####%......
#......# #......#...#.......
#####......###......#...#.......
..............#5@####5..#.......
..............##h#..............
..............##b5...5..........
................5......5>.......
.....................###........
.†...................# #.#......
.......................?.#......
....................###..#......
.......###########.## ..#......


You could see an iron imp, Natasha, a white imp, a shadow imp and a bat.

Vanquished Creatures
  Natasha (D:2)
  2 adders (D:2)
  An ooze (D:2)
  6 bats
  2 giant cockroaches
  4 goblins
  3 hobgoblins
  6 jackals (D:1)
  6 kobolds
  A quokka (D:2)
  3 frilled lizards (D:1)
  3 rats (D:1)
38 creatures vanquished.

Notes
Turn   | Place    | Note
-------+----------+-------------------------------------------
     0 | D:1      | JarielCorvus the Gargoyle Fighter began the quest for the Orb.
     0 | D:1      | Reached XP level 1. HP: 14/14 MP: 1/1
    85 | D:1      | Reached XP level 2. HP: 17/19 MP: 2/2
   273 | D:1      | Reached XP level 3. HP: 24/24 MP: 3/3
   824 | D:2      | Noticed Natasha
   836 | D:2      | Killed Natasha
   836 | D:2      | Reached XP level 4. HP: 15/29 MP: 4/4
  1058 | D:2      | Noticed Natasha
  1080 | D:2      | Killed from afar by a white imp

Skill      XL: |  1  2  3 |
---------------+----------+-----
Axes           | 2 |  2.3
Fighting       | 4 |  4.3
Armour         | 4 |  4.2
Shields        | |  3.7

Action                   |  1- 3 |  4- 6 || total
-------------------------+-------+-------++-------
Melee: War axe           |   133 |    17 ||   150
  Use: Scroll            |     4 |       ||     4
Armor: Scale mail        |   144 |    16 ||   160
Dodge: Dodged            |    90 |    15 ||   105
Block: Shield            |   102 |    27 ||   129
